 Dungeon Crawl Stone Soup version 0.18.1-48-g4cf74bf (webtiles) character file.

3815 Doomgape the Unseen (level 9, -6/37 HPs)
             Began as a Felid Berserker on July 17, 2016.
             Was a High Priest of Trog.
             Mangled by a yak (7 damage)
             ... on level 2 of the Lair of Beasts.
             The game lasted 00:40:02 (13670 turns).

Doomgape the Unseen (Felid Berserker)              Turns: 13670, Time: 00:40:03

Health: -6/37      AC:  5    Str: 16    XL:     9   Next: 97%
Magic:  10/10      EV: 23    Int:  9    God:    Trog [*****.]
Gold:   352        SH:  0    Dex: 16    Spells: 0 memorised, 8 levels left
                                        Lives:  0   Deaths: 3

rFire  . . .     SeeInvis +       - Unarmed
rCold  . . .     Gourm    .     (armour unavailable)
rNeg   . . .     Faith    .     (shield unavailable)
rPois  .         Spirit   .     (helmet unavailable)
rElec  .         Dismiss  .     (cloak unavailable)
rCorr  .         Reflect  .     (gloves unavailable)
SustAt .         Harm     .     (boots unavailable)
MR     +....                    (no amulet)
Stlth  +++++++++.               x - ring of stealth
                                d - +3 ring of protection

@: exhausted, slowed, slow, somewhat resistant to hostile enchantments,
incredibly stealthy
A: no armour, no weapons or thrown items, claws 1, fangs 3, see invisible,
carnivore 3, speed 1, shaggy fur 2, slow metabolism 1, sharp paws
a: Berserk, Trog's Hand, Brothers in Arms, Burn Spellbooks, Renounce Religion


You were on level 2 of the Lair of Beasts.
You worshipped Trog.
Trog was extremely pleased with you.
You were very full.

You visited 3 branches of the dungeon, and saw 13 of its levels.

You collected 635 gold pieces.
You spent 283 gold pieces at shops.

Inventory:

Jewellery
 d - a +3 ring of protection (left paw)
 k - an uncursed ring of fire
 t - an uncursed ring of resist corrosion
 u - an uncursed ring of teleportation
 x - a ring of stealth (right paw)
Wands
 j - a wand of paralysis (10/24)
 m - a wand of iceblast (6/15)
 o - a wand of teleportation (3/9)
 w - a wand of slowing (38/48)
 z - a wand of iceblast (12/15)
Scrolls
 b - 10 scrolls of identify
 f - 6 scrolls of teleportation
 i - 5 scrolls of remove curse
Potions
 c - 2 potions of curing
 e - 2 potions of berserk rage
 g - a potion of haste {unknown}
 l - 2 potions of brilliance
 n - 2 potions of ambrosia {unknown}
 p - a potion of heal wounds
 r - a potion of magic
 s - 2 potions of might
Books
 y - the Compendium of Twisted Creation
   (You found it on level 1 of the Lair of Beasts)

   Spells                             Type                      Level
   a - Pain                           Necromancy                   1
   b - Summon Butterflies             Summoning                    1
   c - Summon Lightning Spire         Summoning/Air                4
   d - Excruciating Wounds            Charms/Necromancy            5
   Trog disapproves of the use of such an item.
Miscellaneous
 q - a disc of storms
 v - a crystal ball of energy
Comestibles
 a - 5 meat rations
 h - 3 beef jerkies


   Skills:
 - Level 3.0 Fighting
 - Level 8.3 Dodging
 + Level 17.3 Stealth
 - Level 11.2 Unarmed Combat


You had 8 spell levels left.
You didn't know any spells.

Dungeon Overview and Level Annotations

Branches:
Dungeon (10/15)            Temple (1/1) D:4            Lair (2/8) D:10
    Orc (0/2) D:10

Altars:
Ashenzari
Cheibriados
Dithmenos
Elyvilon
Fedhas
Gozag
Kikubaaqudgha
Makhleb
Nemelex Xobeh
Okawaru
Pakellas
Qazlal
Ru
Sif Muna
Trog
Vehumet
Xom
Yredelemnul
Zin
The Shining One
Beogh

Shops:
D:10 [=*(

Annotations:
D:6 exclusion: statue


Innate Abilities, Weirdness & Mutations

You cannot wear armour.
You are incapable of wielding weapons or throwing items.
You have sharp claws.
You have razor-sharp teeth.
You have supernaturally acute eyesight.
You are carnivorous and can eat meat at any time.
You cover ground quickly.
You are covered in thick fur (AC +2).
You have a slow metabolism.
Your sharp claws are effective at attacking unaware monsters.


Message History

The wolf completely misses you. The yak gores you. The wolf misses you.
You see here a yak corpse.
You claw the wolf!
The wolf is heavily wounded.
The wolf bites you but does no damage.
You scratch the wolf. You bite the wolf!
You kill the wolf!
Trog accepts your kill. The yak completely misses you.
You are no longer berserk.
You are exhausted.
You feel yourself slow down.
You see here a wolf corpse.
You closely miss the yak. The yak gores you!
* * * LOW HITPOINT WARNING * * *
You scratch the yak.
The yak is lightly wounded.
The yak gores you!
You die...

#.....###.....
###.......#..##
#..........#..#
#...$.......#.#
...##....#....#
. #.Y.#.....###
#...####....#
...... #.††##
#tY.<.. #⌠.Y@#
.#..... #...##
#.. #...#
#...## ....##
...... ....##
....


You could see a yak.

Vanquished Creatures
  An ugly thing (D:10)
  Maurice (D:8)
  A spiny frog (Lair:1)
  A troll (D:10)
  A two-headed ogre (D:7)
  9 yaks
  A spriggan (D:7)
  A steam dragon (D:8)
  A hippogriff (D:9)
  2 water moccasins (Lair:1)
  3 porcupines
  3 orc warriors
  A black bear (D:8)
  2 ice beasts
  An eye of draining (D:8)
  A necrophage (D:6)
  2 phantoms
  4 ogres
  8 wolves
  3 centaurs
  2 crocodiles
  3 big kobolds
  15 giant frogs
  A gnoll sergeant (D:9)
  A scorpion (D:10)
  4 killer bees (D:8)
  5 wights (D:7)
  3 howler monkeys
  5 electric eels
  3 crimson imps
  A centaur zombie (D:3)
  3 jellies
  13 hounds
  A quasit (D:10)
  6 orc priests
  A gnoll shaman (D:7)
  4 iguanas
  12 orc wizards
  9 worker ants
  8 sheep (Lair:1)
  A hound zombie (D:5)
  2 hound skeletons
  A worker ant zombie (D:5)
  Robin (D:4)
  A howler monkey skeleton (D:8)
  15 gnolls
  8 adders
  7 river rats (Lair:1)
  2 adder zombies
  An ooze (D:3)
  6 worms
  3 dart slugs
  10 giant geckos
  36 orcs
  6 bats
  2 giant cockroaches (D:3)
  16 goblins
  10 hobgoblins
  14 jackals
  2 quokkas (D:2)
  2 ball pythons (D:1)
  4 giant newts
  24 kobolds
  A quokka zombie (D:6)
  5 rats
327 creatures vanquished.

Vanquished Creatures (collateral kills)
  5 wolves (Lair:1)
  6 river rats (Lair:1)
11 creatures vanquished.

Vanquished Creatures (others)
  A gnoll (D:7)
  An adder (D:7)
  A jackal (D:10)
  4 toadstools (D:1)
7 creatures vanquished.

Grand Total: 345 creatures vanquished

Notes
Turn   | Place    | Note
--------------------------------------------------------------
     0 | D:1      | Doomgape the Felid Berserker began the quest for the Orb.
     0 | D:1      | Reached XP level 1. HP: 10/10 MP: 2/2
    95 | D:1      | Reached XP level 2. HP: 8/14 MP: 3/3
   765 | D:1      | Reached skill level 5 in Dodging
   950 | D:1      | Reached XP level 3. HP: 17/17 MP: 4/4
  1066 | D:1      | Reached ** piety under Trog
  1468 | D:2      | Found a faded altar to an unknown god.
  1807 | D:2      | Reached XP level 4. HP: 20/21 MP: 5/5
  2124 | D:3      | Reached XP level 5. HP: 14/24 MP: 6/6
  2338 | D:3      | Found an opulent altar of Gozag.
  2529 | D:3      | Noticed a crocodile
  2534 | D:3      | HP: 1/24 [crocodile (20)]
  2549 | D:3      | Killed a crocodile
  2738 | D:3      | Reached skill level 5 in Unarmed Combat
  3026 | D:3      | Reached *** piety under Trog
  3116 | D:4      | Reached skill level 1 in Stealth
  3116 | D:4      | Gained mutation: You are covered in thick fur (AC +2). [Felid growth]
  3116 | D:4      | Reached XP level 6. HP: 23/28 MP: 7/7
  3169 | D:4      | Noticed Robin
  3189 | D:4      | Killed Robin
  3197 | D:4      | Found a blossoming altar of Fedhas.
  3219 | D:4      | Slain by a gnoll
  3220 | D:4      | Reached XP level 5. HP: -5/24 MP: 6/6
  3240 | D:4      | Reached skill level 2 in Stealth
  3273 | D:4      | Reached skill level 3 in Stealth
  3489 | D:4      | Reached XP level 6. HP: 25/28 MP: 7/7
  3521 | D:4      | HP: 1/28 [hound (5)]
  3524 | D:4      | Reached skill level 4 in Stealth
  3920 | D:4      | Reached **** piety under Trog
  3989 | D:4      | Found a staircase to the Ecumenical Temple.
  3995 | Temple   | Entered the Ecumenical Temple
  4240 | D:5      | Entered Level 5 of the Dungeon
  4271 | D:5      | Reached skill level 5 in Stealth
  4479 | D:5      | Reached XP level 7. HP: 24/31 MP: 8/8
  4841 | D:6      | Found a stormy altar of Qazlal.
  4993 | D:6      | Found a radiant altar of Vehumet.
  5006 | D:6      | Reached XP level 8. HP: 29/34 MP: 9/9
  6500 | D:7      | Noticed a two-headed ogre
  6506 | D:7      | Killed a two-headed ogre
  6506 | D:7      | Reached skill level 10 in Unarmed Combat
  6720 | D:7      | Reached XP level 9. HP: 37/37 MP: 10/10
  7126 | D:7      | Reached ***** piety under Trog
  7744 | D:8      | Reached skill level 6 in Stealth
  7780 | D:8      | Reached skill level 7 in Stealth
  8064 | D:8      | Noticed Maurice
  8103 | D:8      | Reached skill level 8 in Stealth
  8353 | D:8      | Reached skill level 9 in Stealth
  8417 | D:8      | Killed Maurice
  8417 | D:8      | Reached skill level 10 in Stealth
  9262 | D:8      | Reached XP level 10. HP: 42/42 MP: 11/11
  9436 | D:8      | Reached skill level 11 in Stealth
 10385 | D:9      | Reached skill level 12 in Stealth
 10779 | D:10     | Entered Level 10 of the Dungeon
 10832 | D:10     | Found a staircase to the Lair.
 10875 | D:10     | Reached skill level 13 in Stealth
 10880 | D:10     | HP: 3/63 [giant frog (5)]
 11153 | D:10     | Found Izxiraubb's Weapon Emporium.
 11182 | D:10     | Noticed a brown ugly thing
 11190 | D:10     | Killed a brown ugly thing
 11190 | D:10     | Reached skill level 14 in Stealth
 11217 | D:10     | Found a staircase to the Orcish Mines.
 11225 | D:10     | Found a roughly hewn altar of Beogh.
 11616 | D:10     | Killed from afar by an electric eel
 11617 | D:10     | Reached XP level 9. HP: -5/37 MP: 10/10
 11617 | D:10     | Found Vepixigho's General Store.
 11619 | D:10     | Bought a potion of might for 56 gold pieces
 11811 | D:10     | Found Haschukkuk's Jewellery Shoppe.
 11861 | D:10     | Reached skill level 15 in Stealth
 11872 | D:10     | Reached XP level 10. HP: 29/42 MP: 11/11
 11917 | D:10     | Bought an uncursed ring of stealth for 227 gold pieces
 11920 | D:10     | Identified a scroll of acquirement
 12338 | D:10     | Found Woybrunai's Armour Shoppe.
 12615 | Lair:1   | Entered Level 1 of the Lair of Beasts
 12735 | Lair:1   | Reached skill level 16 in Stealth
 12951 | Lair:1   | Noticed a spiny frog
 12955 | Lair:1   | Identified the Compendium of Twisted Creation (You found it on level 1 of the Lair of Beasts)
 12959 | Lair:1   | Killed a spiny frog
 13487 | Lair:1   | Reached skill level 17 in Stealth
 13494 | Lair:1   | HP: 1/42 [wolf (7)]
 13516 | Lair:1   | HP: 2/42 [wolf (7)]
 13519 | Lair:1   | Slain by a wolf
 13520 | Lair:1   | Reached XP level 9. HP: -2/37 MP: 10/10
 13669 | Lair:2   | HP: 1/37 [yak (13)]
 13670 | Lair:2   | Mangled by a yak

Skill      XL: |  1  2  3  4  5  6  7  8  9 10 |
---------------+-------------------------------+-----
Dodging        | 5 6 7 8 |  8.3
Unarmed Combat | 4 5 7 10 11 | 11.2
Stealth        | 3 5 15 17 | 17.3
Fighting       | |  3.0

Action                   |  1- 3 |  4- 6 |  7- 9 | 10-12 || total
-------------------------+-------+-------+-------+-------++-------
Melee: Unarmed           |    90 |   217 |   361 |   313 ||   981
       Bite              |     7 |    20 |    44 |    22 ||    93
       Punch             |     2 |     4 |    15 |    13 ||    34
Invok: Berserk           |     5 |     7 |     9 |     4 ||    25
       Trog's Hand       |       |       |     4 |     9 ||    13
       Brothers in Arms  |       |       |       |     1 ||     1
  Use: Potion            |     1 |     1 |    10 |     1 ||    13
       Scroll            |       |     4 |     3 |     5 ||    12
 Stab: Sleeping          |     5 |     4 |    14 |    19 ||    42
       Distracted        |       |       |     1 |     6 ||     7
  Eat: Chunk             |    14 |    16 |    22 |    20 ||    72
Armor: Skin              |     3 |     9 |    19 |     7 ||    38
Dodge: Dodged            |    92 |   193 |   300 |   274 ||   859
